 Dungeon Crawl Stone Soup version 0.26.1-11-gd32895ea62 (webtiles) character file.

Game seed: 10348606864320139693

44 wafflestompin the Sneak (level 3, -2/17 HPs)
             Began as a Spriggan Enchanter on May 14, 2021.
             Was an Initiate of Dithmenos.
             Killed by nerve-wracking pain
             ... invoked by Jessica
              (7 damage)
             ... on level 2 of the Dungeon.
             The game lasted 00:11:47 (2222 turns).

wafflestompin the Sneak (Spriggan Enchanter)        Turns: 2222, Time: 00:11:47

Health: -2/17      AC:  2    Str:  5    XL:     3   Next: 41%
Magic:  8/8        EV: 18    Int: 16    God:    Dithmenos [......]
Gold:   86         SH:  0    Dex: 16    Spells: 6/7 levels left

rFire    . . .     SeeInvis +   a - +1 dagger
rCold    . . .     Faith    .   (shield restricted)
rNeg     . . .     Spirit   .   b - +0 robe
rPois    .         Reflect  .   (helmet restricted)
rElec    .         Harm     .   (no cloak)
rCorr    .         Rampage  .   (gloves unavailable)
Will     .....                  (boots unavailable)
Stlth    +++.......             (no amulet)
HPRegen  0.05/turn              (no ring)
MPRegen  0.11/turn              (no ring)

@: very quick
A: very small, unfitting armour, see invisible, speed 3
a: Renounce Religion


You were on level 2 of the Dungeon.
You worshipped Dithmenos.
Dithmenos was noncommittal.
You visited 1 branch of the dungeon, and saw 3 of its levels.

You collected 86 gold pieces.

Inventory:

Hand Weapons
 a - a +1 dagger (weapon)
 m - a +0 mace
Missiles
 i - a throwing net
 k - 2 boomerangs
Armour
 b - a +0 robe (worn)
 d - a +0 ring mail
Jewellery
 c - an uncursed ring of positive energy {unknown}
Scrolls
 e - 3 scrolls of identify {unknown}
 f - a scroll of enchant armour {unknown}
 g - a scroll of enchant weapon {unknown}
Potions
 h - a potion of curing {unknown}
 j - 2 potions of attraction
 l - a potion of haste {unknown}


   Skills:
 * Level 0.3 Fighting
 * Level 1.7 Short Blades
 * Level 3.3 Dodging
 * Level 5.6 Stealth
 + Level 2.8 Spellcasting
 + Level 4.0 Hexes


You had 6 spell levels left.
You knew the following spells:

 Your Spells              Type           Power        Failure   Level
a - Corona                Hex            16%          3%          1

Your spell library contained the following spells:

 Spells                   Type           Power        Failure   Level
 Confusing Touch          Hex            15%          11%         3
 Tukima's Dance           Hex            15%          11%         3
 Ensorcelled Hibernation  Hex/Ice        16%          13%         2
 Dazzling Flash           Conj/Hex       16%          26%         3
 Gell's Gravitas          Tloc           1%           50%         3
 Petrify                  Tmut/Erth      2%           88%         4
 Metabolic Englaciation   Hex/Ice        4%           93%         5
 Yara's Violent Unravell  Hex/Tmut       4%           93%         5


Dungeon Overview and Level Annotations

Branches:
Dungeon (3/15)

Altars:
Dithmenos

Annotations:
D:2 Jessica


Innate Abilities, Weirdness & Mutations

You are very small and have problems with some larger weapons.
You are too small for most types of armour.
You have supernaturally acute eyesight. (SInv)
You cover ground extremely quickly.


Message History

Jessica closely misses you. Jessica misses you.
You hit Jessica.
Jessica is severely wounded.
Jessica hits you with a +0 dagger.
You completely miss Jessica.
Jessica is severely wounded.
Jessica stops glowing.
Jessica hits you with a +0 dagger. x2
You hit Jessica.
Jessica is severely wounded.
Jessica hits you with a +0 dagger.
* * * LOW HITPOINT WARNING * * *
You closely miss Jessica.
Jessica is severely wounded.
Jessica misses you.
You barely miss Jessica.
Jessica is severely wounded.
Jessica misses you. Jessica gestures at you while chanting.
Pain shoots through your body!
You die...

.......#.######..#.#.# #.#.
#.#.#.#.#.##....#.#.# #.#.
<..................# #.#.
##.#.#.#.##.#...##.# #.#.
#....@....#.#...##.###.#.
#..#.#.#..#.#..........†.
#..#.#.#..#.#..###.###.##
#.†@.#.#@.#......#.# #.#
##.###.#@.###..#.#.# #.#
#.####.###.#..# #..#.#.# #.#
...............#
#..#.#######
##.............###..###...#.
###......#........###......
#....###.#...####.#........
#.##.###.#..........# #.
#...#.#..###.###.## #
#.#.#.#..# #.# #..###### #


You could see Jessica (fast).

Vanquished Creatures
  2 adders
  2 leopard geckos
  A giant cockroach (D:2)
  5 goblins
  3 hobgoblins
  A ball python (D:1)
  2 frilled lizards (D:1)
  5 kobolds
  5 rats
26 creatures vanquished.

Notes
Turn   | Place    | Note
-------+----------+-------------------------------------------
     0 | D:1      | wafflestompin the Spriggan Enchanter began the quest for
                  | the Orb.
     0 | D:1      | Reached XP level 1. HP: 9/9 MP: 5/5
   604 | D:1      | Reached XP level 2. HP: 13/13 MP: 6/6
   876 | D:1      | Reached skill level 5 in Stealth
  1555 | D:2      | Reached XP level 3. HP: 15/16 MP: 6/8
  1814 | D:2      | Found a shadowy altar of Dithmenos.
  1831 | D:2      | Became a worshipper of Dithmenos the Shadowed
  2185 | D:2      | Noticed Jessica
  2222 | D:2      | Killed from afar by Jessica

Illustrated notes

Levels and vault maps discovered:
D:1:      zelgadis_glass_arrival_small, layout_loops_corners
D:2:      layout_basic, marbit_many_paths,
          nicolae_dithmenos_through_a_glass_darkly, uniq_sigmund, uniq_jessica
D:3:      layout_basic, tgw_trog, chequers_temple_overflow_statue_of_worship,
          gammafunk_ghost_mausoleum, grunt_ministairs_12,
          grunt_decor_mini_mirrors, uniq_terence

Skill      XL: |  1  2  3 |
---------------+----------+-----
Stealth        | 5 |  5.6
Hexes          | 4 |  4.0
Fighting       | |  0.3
Short Blades   | |  1.7
Dodging        | |  3.3
Spellcasting   | |  2.8

Action                   || total
-------------------------++-------
Melee: Dagger            ||    78
 Cast: Corona            ||     3
  Use: Potion            ||     2
 Stab: Sleeping          ||    13
Armor: Robe              ||     8
Dodge: Dodged            ||    40
